 Dungeon Crawl Stone Soup version 0.26-b1-32-g5d43845318 (webtiles) character file.

Game seed: 17866782023837500866

67 Borgoz the Cudgeller (level 4, -4/38 HPs)
             Began as a Ghoul Gladiator on Jan 13, 2021.
             Slain by Terence
             ... wielding a +0 trident
              (8 damage)
             ... on level 2 of the Dungeon.
             The game lasted 00:01:41 (2112 turns).

Borgoz the Cudgeller (Ghoul Gladiator)              Turns: 2112, Time: 00:01:41

Health: -4/38      AC:  4    Str: 18    XL:     4   Next: 16%
Magic:  3/3        EV: 12    Int:  3    God:
Gold:   59         SH:  0    Dex: 10    Spells: 3/3 levels left

rFire    . . .     SeeInvis .   a - +0 flail
rCold    + . .     Faith    .   (no shield)
rNeg     + + +     Spirit   .   b - +0 leather armour
rPois    ∞         Reflect  .   c - +0 helmet
rElec    .         Harm     .   (no cloak)
rCorr    .         Rampage  .   (no gloves)
Will     .....                  (no boots)
Stlth    +.........             (no amulet)
HPRegen  0.00/turn              (no ring)
MPRegen  0.08/turn              (no ring)

@: no status effects
A: claws 1, cold resistance 1, negative energy resistance 3, inhibited
regeneration, torment resistance, unbreathing
a: no special abilities


You were on level 2 of the Dungeon.
You visited 1 branch of the dungeon, and saw 2 of its levels.

You collected 59 gold pieces.

Inventory:

Hand Weapons
 a - a +0 flail (weapon)
Missiles
 d - 2 throwing nets (quivered)
Armour
 b - a +0 leather armour (worn)
 c - a +0 helmet (worn)
Scrolls
 e - a scroll of teleportation {unknown}
 f - a scroll of identify {unknown}
 g - 2 scrolls of amnesia {unknown}
 i - a scroll of remove curse {unknown}
Potions
 h - 2 potions of haste


   Skills:
 * Level 3.0 Fighting
 * Level 3.2 Maces & Flails
 - Level 1.7 Throwing
 * Level 1.3 Armour
 * Level 3.1 Dodging


You had 3 spell levels left.
You didn't know any spells.
Your spell library was empty.

Dungeon Overview and Level Annotations

Branches:
Dungeon (2/15)

Altars:

Annotations:
D:2 Terence


Innate Abilities, Weirdness & Mutations

You thrive by killing the living.
You are immune to poison.
You have sharp fingernails.
Your flesh is cold resistant. (rC+)
You are immune to negative energy. (rN+++)
You do not regenerate when monsters are visible.
You are immune to unholy pain and torment.
You can survive without breathing.


Message History

a +0 dagger; 13 stones; a +0 leather armour
Things that are here:
a goblin skeleton; a goblin skeleton
Things that are here:
a +0 club; a +0 club You sock the goblin!
You kill the goblin!
The goblin hits you.
* * * LOW HITPOINT WARNING * * *
Terence hits you from afar with a +0 trident.
* * * LOW HITPOINT WARNING * * *
You see here a goblin corpse.
Okay, then.
Things that are here:
a +0 club; a +0 club You see here 2 stones.
There is a stone staircase leading up here.
The goblin hits you but does no damage.
Terence hits you from afar with a +0 trident!
You die...

#......................
#......................
#...............#......
##.....................
##.....#..............
#.##.#######.........
##.##.# #..)......
#.....#######.......#.
#.#..@g@..)†÷)........
#.#################...
#.# ###. #.# ###.g. #.#
###..... #.# ###...#...
#.# #####...###.>.
##.### ###....)### ####
#....###...##.†.#


You could see Terence and a goblin.

Vanquished Creatures
  A gnoll (D:1)
  An adder (D:2)
  2 leopard geckos (D:1)
  4 bats
  8 hobgoblins
  3 jackals (D:1)
  3 frilled lizards (D:1)
  14 goblins
  3 kobolds
  3 rats
42 creatures vanquished.

Notes
Turn   | Place    | Note
-------+----------+-------------------------------------------
     0 | D:1      | Borgoz the Ghoul Gladiator began the quest for the Orb.
     0 | D:1      | Reached XP level 1. HP: 17/17 MP: 0/0
   270 | D:1      | Reached XP level 2. HP: 15/25 MP: 1/1
   475 | D:1      | Reached XP level 3. HP: 23/30 MP: 2/2
   482 | D:1      | Reached skill level 1 in Armour
  1783 | D:2      | Reached XP level 4. HP: 14/38 MP: 3/3
  2078 | D:2      | Noticed Terence
  2112 | D:2      | Slain by Terence

Illustrated notes

Levels and vault maps discovered:
D:1:      nagdon_arrival_double_spiral, layout_basic, nrook_campfire
D:2:      layout_rooms, uniq_crazy_yiuf_cottage, uniq_terence, uniq_robin

Skill      XL: |  1  2  3 |
---------------+----------+-----
Maces & Flails | 3 |  3.2
Dodging        | 3 |  3.1
Armour         | 1 |  1.3
Fighting       | 3 |  3.0
Throwing       | |  1.7

Action                   |  1- 3 |  4- 6 || total
-------------------------+-------+-------++-------
Melee: Flail             |   173 |    21 ||   194
Throw: Throwing net      |     2 |       ||     2
Armor: Leather armour    |    87 |     8 ||    95
Dodge: Dodged            |   151 |    22 ||   173
